 Dungeon Crawl Stone Soup version 0.32-a0-427-g448f42529f (webtiles) character file.

Game seed: 1952706682883681418

1 Gargoyl the Trooper (level 1, -3/14 HPs)
             Began as a Gargoyle Berserker on Feb 22, 2024.
             Was a Follower of Trog.
             Slain by a kobold
             ... wielding a +0 club
              (4 damage)
             ... on level 1 of the Dungeon.
             The game lasted 00:00:13 (47 turns).

Gargoyl the Trooper (Gargoyle Berserker)              Turns: 47, Time: 00:00:14

Health: -3/14      AC:  4    Str: 20    XL:     1   Next: 20%
Magic:  1/1        EV: 11    Int:  7    God:    Trog [*.....]
Gold:   0          SH:  0    Dex:  9    Spells: 0/0 levels left

rFire   . . .        a - +0 hand axe
rCold   . . .        (no shield)
rNeg    + . .        b - +0 animal skin
rPois   ∞            (no helmet)
rElec   +            (no cloak)
rCorr   .            (no gloves)
SInv    .            (no boots)
Will    .....        (no amulet)
Stlth   +            (no ring)
HPRegen 0.22/turn    (no ring)
MPRegen 0.07/turn

%: no passive effects
@: no status effects
A: sickness immunity, AC +2, negative energy resistance 1, electricity
resistance, torment resistance 1, petrification resistance
a: Renounce Religion, Berserk


You were on level 1 of the Dungeon.
You worshipped Trog.
Trog was aware of your devotion.
You visited 1 branch of the dungeon, and saw 1 of its levels.

Inventory:

Hand Weapons
 a - a +0 hand axe (weapon)
Armour
 b - a +0 animal skin (worn)


   Skills:
 + Level 3.3 Fighting
 + Level 2.7 Axes
 + Level 2.2 Armour
 + Level 1.5 Dodging


You couldn't memorise any spells.
You didn't know any spells.
Your spell library was empty.

Dungeon Overview and Level Annotations

Branches:
Dungeon (1/15)

Altars:


Innate Abilities, Weirdness & Mutations

You are immune to sickness and miasma.
Your stone body is resilient. (AC +2)
You are immune to poison.
You resist negative energy. (rN+)
You are resistant to electric shocks. (rElec)
You are resistant to unholy torment.
You are immune to petrification.


Message History

The bat closely misses you. The bat hits you but does no damage.
The bat closely misses you.
You hit the bat.
You kill the bat!
Trog accepts your kill.
A giant cockroach comes into view.
Found a short runed staff.
A giant cockroach is nearby!
A giant cockroach is nearby!
A quokka and an endoplasm come into view.
The endoplasm quivers.
A kobold comes into view. It is wielding a +0 club.
The quokka bites you.
You barely miss the giant cockroach. You barely miss the quokka.
The giant cockroach waves its antennae.
The giant cockroach bites you but does no damage.
The quokka closely misses you.
Unknown command.
You closely miss the quokka. You barely miss the giant cockroach.
The quokka barely misses you. The giant cockroach bites you.
The giant cockroach barely misses you. The quokka misses you.
Unknown command.
You barely miss the quokka.
You completely miss the giant cockroach.
You hit the endoplasm but do no damage.
The kobold shouts!
The giant cockroach bites you but does no damage.
The quokka bites you. The endoplasm freezes you.
You are frozen.
* * * LOW HITPOINT WARNING * * *
You miss the quokka. You barely miss the endoplasm.
You hit the giant cockroach. The giant cockroach misses you.
The quokka misses you. The endoplasm hits you.
* * * LOW HITPOINT WARNING * * *
Unknown command.
You fail to use your ability.
The giant cockroach completely misses you.
The quokka barely misses you. The kobold hits you with a +0 club.
You die...

.. .... #.####.... ....
.......... ### #...##
..#...... . .. ...
#.#......|.. .##.
#.#.#.⌠.#........
..#.###..#..# #KB.......
#.......##.)###.@.......
................rJ......
##..##..###..#........
#....#...##.##........
###.##..#..##.##^.......
....###.#.....##.#.....#
....##......†...>#######
....##.........###
........#...##....#


You could see an endoplasm, a quokka, a giant cockroach and a kobold.

Vanquished Creatures
  A bat (D:1)
1 creature vanquished.

Notes
Turn   | Place    | Note
-------+----------+-------------------------------------------
     0 | D:1      | Gargoyl the Gargoyle Berserker began the quest for the Orb.
     0 | D:1      | Reached XP level 1. HP: 14/14 MP: 1/1
    47 | D:1      | Slain by a kobold

Illustrated notes

Levels and vault maps discovered:
D:1:      scummos_arrival_hexagon, layout_rooms, grunt_decor_one_mirror

Action                     || total
---------------------------++-------
  Melee: Hand axe          ||     9
 Armour: Animal skin       ||    13
  Dodge: Dodged            ||    14

Table legend: (Time is in decaauts)
 A = Elapsed time spent in this place.
 B = Non-inter-level travel time spent in this place.
 C = Inter-level travel time spent in this place.
 D = Time resting spent in this place.
 E = Time spent auto-exploring this place.
 F = Levels seen in this place.
 G = Mean time per level.
                   A        B        C        D        E       F      G
               +--------+--------+--------+--------+--------+-----+--------+
         Total |     48 |     48 |      0 |      0 |     21 |   1 |   48.0 |
       Dungeon |     48 |     48 |      0 |      0 |     21 |   1 |   48.0 |
               +--------+--------+--------+--------+--------+-----+--------+

Top non-repeatable levels by time:
     D:1: 48 daAuts
